 Dungeon Crawl Stone Soup version 0.19-a0-645-gfd18b6f (webtiles) character file.

10009 FitzyFitz the Carver (level 11, -5/71 HPs)
             Began as a Tengu Gladiator on June 14, 2016.
             Was a Follower of Uskayaw.
             Slain by an orc knight
             ... wielding a +0 long sword
              (27 damage)
             ... on level 9 of the Dungeon.
             The game lasted 00:49:00 (12449 turns).

FitzyFitz the Carver (Tengu Gladiator)             Turns: 12449, Time: 00:49:01

Health: -5/71      AC: 11    Str: 14 (15) XL:     11   Next: 55%
Magic:  0/14       EV: 21    Int:  7      God:    Uskayaw [*.....]
Gold:   68         SH:  0    Dex: 23 (25) Spells: 2 memorised, 7 levels left

rFire  . . .     SeeInvis .     F - +1 dagger (venom)
rCold  . . .     Gourm    .     P - +0 troll leather armour
rNeg   . . .     Faith    .     (no shield)
rPois  +         Spirit   +     e - +2 hat
rElec  +         Dismiss  .     U - +0 cloak "Vadeiqim" {-Cast rElec Dex+9}
rCorr  .         Reflect  .     h - +2 pair of gloves
SustAt .         Harm     .     (boots unavailable)
MR     .....     Rnd*Tele +     t - amulet of guardian spirit
Stlth  ++........ NoCast   +    z - ring of wizardry
                                C - ring of poison resistance

@: not resistant to hostile enchantments, unstealthy
A: beak, horns 1, talons 3, deterioration 1, dopey 2, shaggy fur 1, electricity
resistance, teleportitis 1, MP-powered wands, able to fly 1
a: Fly, Stomp, Renounce Religion


You were on level 9 of the Dungeon.
You worshipped Uskayaw.
Uskayaw was aware of your devotion.
You were hungry.

You visited 4 branches of the dungeon, and saw 14 of its levels.
You also visited: Sewer.

You collected 658 gold pieces.
You spent 590 gold pieces at shops.

Inventory:

Hand Weapons
 a - a +0 long sword
 i - a +0 hunting sling
 y - a +0 blowgun
 F - a +1 dagger of venom (weapon)
 S - a +0 shortbow
 T - a +0 dagger of holy wrath
Missiles
 l - 8 javelins (quivered)
 n - 214 stones
 s - 94 bolts
 w - 57 arrows
 D - 17 poisoned needles
 N - 62 sling bullets
Armour
 e - a +2 hat (worn)
 h - a +2 pair of gloves (worn)
 p - a +0 cloak
 O - a +2 robe of positive energy
 P - a +0 troll leather armour (worn)
 U - the +0 cloak "Vadeiqim" (worn) {-Cast rElec Dex+9}
   (You bought it in a shop on level 7 of the Dungeon)

   It affects your dexterity (+9).
   It insulates you from electricity.
   It prevents spellcasting.
Jewellery
 g - an uncursed ring of ice
 q - a +2 amulet of reflection
 t - an amulet of guardian spirit (around neck)
 z - a ring of wizardry (right hand)
 C - a ring of poison resistance (left hand)
Wands
 d - a wand of confusion (0/48)
 j - a wand of enslavement (0/24)
 L - a wand of disintegration (9/24)
Scrolls
 b - a scroll of blinking
 x - 4 scrolls of remove curse
 H - a scroll of amnesia
 I - a scroll of recharging
 V - a scroll of immolation
Potions
 m - 3 potions of curing
 B - a potion of resistance
 E - a potion of heal wounds
 J - a potion of berserk rage
 R - a potion of cancellation
Books
 u - a book of Maledictions

   Spells                             Type                      Level
   a - Corona                         Hexes                        1
   b - Ensorcelled Hibernation        Hexes/Ice                    2
   c - Confuse                        Hexes                        3
   d - Tukima's Dance                 Hexes                        3
   e - Dazzling Spray                 Conjuration/Hexes            3
 G - a book of Clouds

   Spells                             Type                      Level
   a - Mephitic Cloud                 Conjuration/Poison/Air       3
   b - Conjure Flame                  Conjuration/Fire             3
   c - Poisonous Cloud                Conjuration/Poison/Air       6
   d - Freezing Cloud                 Conjuration/Ice/Air          6
   e - Ring of Flames                 Charms/Fire                  7
Comestibles
 c - 2 chunks of flesh
 f - 12 bread rations
 r - 4 meat rations
 v - 6 slices of pizza
 A - a fruit
 M - 4 beef jerkies


   Skills:
 - Level 9.2 Fighting
 + Level 11.5 Long Blades
 - Level 2.0 Throwing
 - Level 2.3 Armour
 - Level 10.4 Dodging
 - Level 2.1 Stealth
 - Level 1.5 Spellcasting
 - Level 5.3 Conjurations
 - Level 5.0 Air Magic
 - Level 1.7 Poison Magic
 + Level 0.0 Invocations


You had 7 spell levels left.
You knew the following spells:

 Your Spells              Type           Power        Failure   Level  Hunger
a - Mephitic Cloud        Conj/Pois/Air  #.......     14%         3    ####...
b - Conjure Flame         Conj/Fire      #.......     24%         3    ####...


Dungeon Overview and Level Annotations

Branches:
Dungeon (11/15)            Temple (1/1) D:6            Lair (1/6) D:11
    Orc (1/2) D:9

Altars:
Ashenzari
Cheibriados
Dithmenos
Elyvilon
Fedhas
Gozag
Hepliaklqana
Kikubaaqudgha
Makhleb
Nemelex Xobeh
Okawaru
Pakellas
Qazlal
Ru
Sif Muna
Trog
Uskayaw
Vehumet
Xom
Yredelemnul
Zin
The Shining One

Shops:
D:7 [   D:9 *

Annotations:
D:10 pesado's ghost, novice DDBe
D:11 exclusion: oklob plant, jerkstore's ghost, journeyman MfTm


Innate Abilities, Weirdness & Mutations

You have a beak for a mouth.
You have claws for feet.
You can fly.
You have a pair of small horns on your head.
Your body sometimes deteriorates upon taking damage.
You are very dopey. (Int -4)
You are covered in fur. (AC +1)
You are resistant to electric shocks. (rElec)
You are occasionally teleported next to monsters.
You expend magic power (3 MP) to strengthen your wands.


Message History

You peck the orc knight, but do no damage.
The orc knight is severely wounded.
The orc knight completely misses you.
You hit the orc knight but do no damage.
You claw the orc knight, but do no damage.
You peck the orc knight, but do no damage.
The orc knight is severely wounded.
You hit the orc knight. You claw the orc knight.
You peck the orc knight, but do no damage.
The orc knight is severely wounded.
The orc knight hits you with a long sword!
* * * LOW HITPOINT WARNING * * *
You can now pass through a line of other dancers.
Aiming: Line Pass
Press: ? - help, Dir - move target cursor The orc knight appears confused.
You feel quite a bit more hungry.
You can no longer pass through a line of other dancers.
The orc knight seems less confused.
The orc knight hits you with a long sword!!
You die...

##.#.# ##)## ##..#.#
...#.####...#####.###.#######
............................#
≈≈≈≈≈≈≈≈≈≈≈≈≈≈≈≈≈≈≈≈≈..####.#
≈≈≈≈≈≈≈≈≈≈≈≈≈≈≈≈≈≈≈≈≈.## #.#
###################≈≈.# #.#
)...............≈)#≈≈.# #.#
)...)...[.......###≈≈.#####.#
...[...8.......[@o#≈≈.......#
................###≈≈.#####.#
..............[.≈.#≈≈.#####[#
###################≈≈.......#
≈≈≈≈≈≈≈≈≈≈≈≈≈≈≈≈≈≈≈≈≈.#####.#
≈≈≈≈≈≈≈≈≈≈≈≈≈≈≈≈≈≈≈≈≈.# #.#
......................# #.#
###########.#.#..##########.#
#.#...............#


You could see an orc knight.

Vanquished Creatures
  Erolcha (D:10)
  Nergalle (Lair:1)
  Joseph (D:7)
  Psyche (D:8)
  2 komodo dragons (Lair:1)
  2 trolls (D:8)
  A meliai zombie (D:11)
  A wraith (D:8)
  7 yaks
  Eustachio (D:5)
  A human (D:7)
  2 hippogriffs
  Grum (D:10)
  A hungry ghost (D:9)
  A hog (D:7)
  A warg (D:9)
  Duvessa (D:6)
  Purgy (Sewer)
  2 porcupines (Lair:1)
  A black bear (D:9)
  A sky beast (D:7)
  9 orc warriors
  2 ice beasts
  An eye of draining (D:9)
  2 necrophages (D:8)
  3 ogres
  A wolf (D:10)
  A centaur (D:9)
  A big kobold (D:8)
  A crocodile (Lair:1)
  3 giant frogs
  5 gnolls
  A gnoll sergeant (D:8)
  A scorpion (D:9)
  Dowan (D:6)
  A troll zombie (D:8)
  2 wights (D:8)
  3 electric eels (D:9)
  4 crimson imps
  A centaur zombie (D:11)
  3 quasits
  6 human zombies (D:8)
  13 orc wizards
  3 centaur skeletons
  2 orc priests
  3 hounds
  2 jellies
  2 iguanas
  Crazy Yiuf (D:3)
  5 worker ants
  2 sheep (D:7)
  3 hound skeletons
  13 adders
  A howler monkey skeleton (D:6)
  A shadow imp (D:9)
  An ooze (D:3)
  An adder skeleton (D:5)
  A worm (D:2)
  4 dart slugs
  6 giant geckos
  53 orcs
  6 bats
  2 giant cockroaches
  4 hobgoblins
  12 jackals
  14 kobolds
  3 quokkas
  2 ball pythons (D:3)
  4 giant newts
  8 goblins
  8 rats
263 creatures vanquished.

Vanquished Creatures (collateral kills)
  2 yaks (Lair:1)
  An eye of draining (D:7)
  A giant frog (Lair:1)
  An orc (D:8)
5 creatures vanquished.

Vanquished Creatures (others)
  5 plants (D:11)
5 creatures vanquished.

Grand Total: 273 creatures vanquished

Notes
Turn   | Place    | Note
--------------------------------------------------------------
     0 | D:1      | FitzyFitz the Tengu Gladiator began the quest for the Orb.
     0 | D:1      | Reached XP level 1. HP: 12/12 MP: 2/2
   564 | D:1      | Reached XP level 2. HP: 15/17 MP: 3/3
   777 | D:1      | Reached skill level 4 in Long Blades
  1188 | D:2      | Reached XP level 3. HP: 21/21 MP: 4/4
  1189 | D:2      | Found an opulent altar of Gozag.
  1217 | D:2      | Found a shadowy altar of Dithmenos.
  1770 | D:2      | Reached XP level 4. HP: 26/26 MP: 5/5
  2064 | D:3      | Reached skill level 5 in Long Blades
  2613 | D:3      | Gained mutation: You can fly. [Tengu growth]
  2613 | D:3      | Reached XP level 5. HP: 30/30 MP: 6/6
  2866 | D:3      | Noticed Crazy Yiuf
  2867 | D:3      | Killed Crazy Yiuf
  2867 | D:3      | Reached skill level 6 in Long Blades
  3627 | D:4      | Found a glowing drain.
  3631 | Sewer    | Entered a sewer
  3703 | Sewer    | Reached skill level 1 in Armour
  3770 | Sewer    | Noticed Purgy
  3778 | Sewer    | Killed Purgy
  3778 | Sewer    | Reached XP level 6. HP: 35/35 MP: 3/7
  4517 | D:4      | Noticed an orc warrior
  4773 | D:5      | Entered Level 5 of the Dungeon
  4788 | D:5      | Reached skill level 7 in Long Blades
  4825 | D:5      | Found an iron altar of Okawaru.
  4826 | D:5      | Found a shattered altar of Ashenzari.
  4846 | D:5      | Learned a level 3 spell: Mephitic Cloud
  4996 | D:5      | Noticed Eustachio
  5000 | D:5      | Gained mutation: You are occasionally teleported next to monsters. [potion of mutation]
  5000 | D:5      | Gained mutation: You have a pair of small horns on your head. [potion of mutation]
  5000 | D:5      | Gained mutation: You are dopey. (Int -2) [potion of mutation]
  5079 | D:5      | Killed Eustachio
  5079 | D:5      | Reached skill level 1 in Stealth
  5079 | D:5      | Reached XP level 7. HP: 27/40 MP: 8/8
  5421 | D:5      | Gained mutation: You are covered in fur. (AC +1) [potion of mutation]
  5421 | D:5      | Gained mutation: You are very dopey. (Int -4) [potion of mutation]
  5421 | D:5      | Gained mutation: You are resistant to electric shocks. (rElec) [potion of mutation]
  5731 | D:6      | Noticed Duvessa
  5731 | D:6      | Noticed Dowan
  5771 | D:6      | Killed Dowan
  5936 | D:6      | Found a staircase to the Ecumenical Temple.
  5946 | Temple   | Entered the Ecumenical Temple
  5964 | Temple   | Became a worshipper of Uskayaw the Reveler
  6075 | D:6      | Reached * piety under Uskayaw
  6126 | D:6      | Reached ** piety under Uskayaw
  6128 | D:6      | Reached skill level 8 in Long Blades
  6163 | D:6      | Killed Duvessa
  6163 | D:6      | Reached XP level 8. HP: 46/46 MP: 9/9
  6476 | D:7      | Reached skill level 9 in Long Blades
  6551 | D:7      | Noticed Joseph
  6875 | D:7      | Found Vus Ukhu's Armour Shop.
  6938 | D:8      | Got an ichor-stained flail
  6945 | D:8      | Identified the cursed +1 flail of Velielic {pain, Fragile rC+ Int+2} (You found it on level 8 of the Dungeon)
  7139 | D:8      | Noticed a two-headed ogre
  7228 | D:8      | Reached *** piety under Uskayaw
  7233 | D:8      | Noticed a troll
  7634 | D:7      | Killed Joseph
  7634 | D:7      | Reached skill level 10 in Long Blades
  7634 | D:7      | Reached skill level 1 in Poison Magic
  7634 | D:7      | Reached XP level 9. HP: 48/52 MP: 6/10
  7875 | D:7      | Bought a +0 troll leather armour for 195 gold pieces
  8035 | D:7      | Found a bloodstained altar of Trog.
  8150 | D:7      | Reached skill level 1 in Spellcasting
  8174 | D:7      | Reached **** piety under Uskayaw
  8299 | D:7      | Learned a level 3 spell: Conjure Flame
  8401 | D:8      | Noticed Psyche
  8447 | D:8      | Killed Psyche
  8447 | D:8      | Reached skill level 5 in Fighting
  8662 | D:8      | Reached skill level 5 in Dodging
  8780 | D:8      | Killed a troll
  8780 | D:8      | Reached skill level 5 in Conjurations
  8817 | D:8      | Reached skill level 5 in Air Magic
  8840 | D:8      | Reached XP level 10. HP: 51/60 MP: 13/13
  8980 | D:8      | Found an ancient bone altar of Kikubaaqudgha.
  9067 | D:8      | You fall through a shaft for 2 floors!
  9067 | D:10     | Entered Level 10 of the Dungeon
  9074 | D:10     | Noticed Erolcha
  9250 | D:11     | Noticed a hill giant
  9255 | D:11     | Found a staircase to the Lair.
  9256 | D:11     | Noticed an oklob plant
  9259 | Lair:1   | Entered Level 1 of the Lair of Beasts
  9642 | Lair:1   | Noticed Nergalle
  9767 | Lair:1   | Killed Nergalle
 10053 | Lair:1   | Noticed a spiny frog
 10057 | Lair:1   | Noticed a spiny frog
 10058 | Lair:1   | Noticed a spiny frog
 10107 | D:11     | Noticed jerkstore's ghost (journeyman MfTm)
 10161 | D:10     | Noticed Grum
 10161 | D:10     | Killed Erolcha
 10161 | D:10     | Reached XP level 11. HP: 69/69 MP: 11/14
 10180 | D:10     | Killed Grum
 10180 | D:10     | Reached ***** piety under Uskayaw
 10228 | D:10     | Noticed a hill giant
 10237 | D:10     | Noticed pesado's ghost (novice DDBe)
 10399 | D:9      | Found Qitonabe's Assorted Antiques.
 10507 | D:8      | Found a glowing silver altar of Zin.
 10507 | D:8      | Found a sparkling altar of Nemelex Xobeh.
 10867 | D:7      | Bought the +0 cloak "Vadeiqim" {-Cast rElec Dex+9} for 395 gold pieces
 11196 | D:8      | Gained mutation: You expend magic power (3 MP) to strengthen your wands. [potion of mutation]
 11196 | D:8      | Gained mutation: Your body sometimes deteriorates upon taking damage. [potion of mutation]
 11550 | D:9      | Reached skill level 11 in Long Blades
 11770 | D:9      | Reached skill level 10 in Dodging
 11838 | D:9      | Found a staircase to the Orcish Mines.
 12251 | Orc:1    | Entered Level 1 of the Orcish Mines
 12413 | Orc:1    | Noticed an orc knight
 12449 | D:9      | Slain by an orc knight

Vault maps used:
D:1:      dpeg_arrival_ratfight
D:2:      lemuel_doored_altar, first_bread,
          nicolae_dithmenos_through_a_glass_darkly
D:3:      uniq_crazy_yiuf_cottage
D:4:      gup_sewer_entry_bowl
D:5:      grunt_temple_overflow_open, corexii_corridor_pit, st_stairs_3,
          uniq_eustachio
D:6:      minmay_temple_entry_glassed_door, uniq_duvessa
D:7:      trog_eyes_of_draining, serial_shops, nicolae_shop_behind_doors,
          grunt_livestock, st_stairs_8, uniq_joseph
D:8:      nicolae_overflow_hidden_temple, minmay_misc_feat_square,
          lemuel_mausoleum_altar_kikubaaqudgha, uniq_psyche
D:9:      erik_orc_2, serial_shops, shop, minivault_14
D:10:     enter_trove_3, uniq_erolcha, uniq_grum, uniq_harold
D:11:     dpeg_oklobed_lair
Temple:   lightli_temple_of_artemis
Lair:1:   beast_lair_carwin_11, uniq_nergalle
Orc:1:    serial_shops, nicolae_shop_statue_plus, shop, shop,
          nicolae_shop_trees, shop, enter_bailey_5, basic_altar
Sewer:    kennysheep_door_sewer

Skill      XL: |  1  2  3  4  5  6  7  8  9 10 11 |
---------------+----------------------------------+-----
Long Blades    | 4 5 6 7 8 10 11 | 11.5
Dodging        | 4 5 9 10 | 10.4
Armour         | 1 2 |  2.3
Stealth        | 1 2 |  2.1
Fighting       | 3 4 5 8 9 |  9.2
Conjurations   | 2 5 |  5.3
Air Magic      | 2 5 |  5.0
Poison Magic   | 1 |  1.7
Spellcasting   | 1 |  1.5
Throwing       | |  2.0

Action                   |  1- 3 |  4- 6 |  7- 9 | 10-12 || total
-------------------------+-------+-------+-------+-------++-------
Melee: Long sword        |    87 |   175 |   278 |   563 ||  1103
       Kick              |    24 |    34 |    72 |   253 ||   383
       Peck              |    12 |    28 |    38 |   159 ||   237
       Headbutt          |       |    10 |    53 |   169 ||   232
       Dagger            |       |       |     2 |    27 ||    29
 Fire: Blowgun           |       |       |    17 |     4 ||    21
       Hunting sling     |       |       |       |    20 ||    20
Throw: Throwing net      |       |     5 |     2 |       ||     7
       Javelin           |       |     7 |     9 |     9 ||    25
 Cast: Mephitic Cloud    |       |       |       |    13 ||    13
Invok: Stomp             |       |       |     1 |     1 ||     2
       Line Pass         |       |       |     1 |     5 ||     6
 Abil: Fly               |       |     3 |     2 |     5 ||    10
Evoke: Wand              |       |     4 |    12 |    11 ||    27
  Use: Scroll            |       |    10 |     6 |    10 ||    26
       Potion            |       |     8 |     6 |     1 ||    15
 Stab: Sleeping          |       |     1 |     2 |     7 ||    10
       Held in net/web   |       |       |     2 |       ||     2
       Paralysed         |       |       |     5 |    18 ||    23
       Confused          |       |       |     3 |    16 ||    19
       Betrayed ally     |       |       |     1 |       ||     1
       Distracted        |       |       |       |     2 ||     2
  Eat: Chunk             |     3 |     7 |     6 |    14 ||    30
       Meat ration       |       |     1 |     1 |       ||     2
       Beef jerky        |       |     1 |       |       ||     1
       Pizza             |       |       |       |     1 ||     1
Armor: Robe              |    25 |       |       |       ||    25
       Leather armour    |       |    14 |     2 |       ||    16
       Ring mail         |       |    47 |    52 |       ||    99
       Skin              |       |       |    27 |       ||    27
       Troll leather arm |       |       |    22 |    96 ||   118
Dodge: Dodged            |    70 |   162 |   132 |   384 ||   748
Block: Other             |     1 |    16 |    15 |    16 ||    48
       Reflection        |       |       |     1 |     1 ||     2
